AoeStats
← 陟遐自迩

Arena

509611629Analyzed
4v4 RM · 6d ago on Sep 27, 2026· 26m 47s· 8 players
Game mode
Random Map
Map size
Large (8 player)
Population
200
Speed
Normal
Resources
Standard
Victory
Conquest
Starting age
Dark Age
Ending age
Imperial Age
RankedLock teamsTeams togetherTeam positionsShared explorationLock speedFull tech treeHidden civsTurbo modeCheats
Victory
Defeat
🇬🇧 Dravidians · United Kingdom
1123
+15
🇨🇳 Khmer · China
1087
+16
🇹🇼 Khmer · Taiwan
1077
+16
🇬🇧 Tupi · United Kingdom
1053
+18
🇭🇰 Cumans · Hong Kong SAR China
1105
-17
🇹🇼 Italians · Taiwan
1102
-17
🇨🇳 Bohemians · China
1091
-16
🇩🇪 Danes · Germany
1054
-15
karewellx
11:45 Feudal Age
13:45 Loom
17:44 Castle Age
16:23 Stone Mining
16:19 Double-Bit Axe
16:16 Horse Collar
17:23 Gold Mining
18:13 Wheelbarrow
19:38 Bow Saw
22:33 Hand Cart
22:57 Gold Shaft Mining
22:24 Heavy Plow
lancer
8:55 Feudal Age
13:47 Castle Age
13:15 Double-Bit Axe
14:55 Loom
21:30 Bloodlines
22:18 Wheelbarrow
22:37 Gold Mining
23:01 Bow Saw
Edward794
8:16 Loom
10:06 Feudal Age
12:12 Champi Runner
13:52 Forging
15:15 Double-Bit Axe
18:07 Arson
18:37 Horse Collar
22:37 Castle Age
22:03 Scale Mail Armor
22:46 Pikeman
22:58 Champi Warrior
Ali26026
10:54 Feudal Age
9:51 Loom
11:57 Double-Bit Axe
11:56 Horse Collar
20:34 Castle Age
20:45 Wheelbarrow
22:32 Pikeman
25:54 Hand Cart
25:45 Fletching
26:14 Padded Archer Armor
27:28 Bow Saw
27:21 Heavy Plow
jasonpanex
7:51 Loom
9:36 Feudal Age
11:57 Wheelbarrow
11:57 Double-Bit Axe
12:03 Fletching
22:04 Castle Age
20:47 Gold Mining
20:51 Stone Mining
20:51 Horse Collar
23:15 Bodkin Arrow
26:18 Stone Shaft Mining
29:13 Imperial Age
Myth
8:55 Feudal Age
10:19 Wheelbarrow
9:40 Double-Bit Axe
9:36 Horse Collar
14:45 Loom
15:21 Gold Mining
20:02 Castle Age
19:50 Forging
19:52 Scale Barding Armor
20:21 Bloodlines
20:21 Capped Ram
22:52 Chain Barding Armor
23:31 Iron Casting
23:07 Bow Saw
25:23 Heavy Plow
永不投降嘻嘻
10:30 Feudal Age
14:27 Castle Age
17:24 Double-Bit Axe
17:36 Horse Collar
19:30 Bow Saw
19:21 Heavy Plow
19:37 Heavy Plow
陟遐自迩
0:56 Loom
11:45 Feudal Age
12:12 Horse Collar
12:23 Double-Bit Axe
18:45 Castle Age
Connection lost

Rejoining the realm…

Still unreachable

The connection could not be restored.

Session expired

The server has moved on; the page needs a fresh start.